Map: Ascension to Aiur LE

Players

Yata - Winner!

  • Race: Zerg Zerg
  • League: Silver
  • Spawn Location: 11:00

A.I. 1 (Harder)

  • Race: Protoss Protoss
  • Spawn Location: 5:00

VOD

Have the link to the VOD?

Description

Time

  • Played on: Aug. 7, 2017, 5:41 p.m.
  • Length: 12:15
Show
View Real Time Build Order
Export as new Build Order

Yata Zerg - Winner!

Build Orders: Hatch First, Zergling Baneling 

Get SALT Encoding   

  12  0:01  Drone  
  13  0:12  Overlord  
  13  0:17  Drone  
  14  0:30  Drone x2  
  17  0:35  Drone  
  17  0:54  Hatchery  
  16  0:58  Drone  
  16  1:00  Drone  
  18  1:12  Extractor  
  18  1:16  Spawning Pool  
  16  1:19  Drone  
  16  1:22  Drone  
  18  1:28  Drone  
  19  1:39  Overlord  
  19  1:49  Drone  
  20  2:01  Drone  
  20  2:05  Queen  
  20  2:06  Queen  
  25  2:12  Zergling x4  
  25  2:15  Metabolic Boost  
  27  2:17  Drone  
  27  2:22  Drone  
  29  2:27  Drone  
  30  2:36  Baneling Nest  
  29  2:37  Drone  
  30  2:45  Drone x2  
  32  3:02  Drone x2  
  32  3:03  Hatchery  
  33  3:07  Overlord  
  32  3:21  Drone  
  32  3:22  Drone x3  
  32  3:24  Overlord  
  36  3:30  Queen  
  38  3:37  Extractor  
  38  3:38  Lair  
  37  3:42  Zergling x6  
  40  3:58  Drone x4  
  44  4:10  Zergling x2  
  44  4:11  Zergling x10  
  50  4:17  Drone x2  
  50  4:24  Extractor  
  51  4:29  Zergling x4  
  51  4:30  Zergling x2  
  54  4:32  Overlord x3  
  54  4:47  Zergling x2  
  54  4:48  Zergling x6  
  54  4:52  Baneling  
  58  4:53  Baneling x10  
  58  4:58  Drone x3  
  50  5:14  Zergling x2  
  50  5:15  Zergling x10  
  52  5:28  Drone  
  52  5:29  Drone x2  
  55  5:37  Hydralisk Den  
  54  5:42  Overlord  
  54  5:59  Drone x2  
  54  6:00  Drone x3  
  59  6:10  Zergling x2  
  59  6:11  Zergling x20  
  70  6:24  Evolution Chamber  
  65  6:28  Hydralisk x10  
  81  6:41  Zergling x6  
  84  6:51  Zerg Missile Weapons Level 1  
  84  7:00  Overlord  
  84  7:01  Overlord x2  
  84  7:13  Overlord x2  
  83  7:17  Baneling x6  
  83  7:18  Baneling x6  
  83  7:19  Zergling x4  
  83  7:20  Zergling x8  
  89  7:24  Hydralisk  
  91  7:42  Extractor, Drone  
  91  7:43  Drone x8  
  99  7:55  Zergling x2  
  99  7:56  Zergling x4  
  102  7:59  Hatchery  
  98  8:11  Queen  
  100  8:31  Overlord x2  
  98  8:47  Queen  
  88  8:53  Hydralisk x2  
  88  8:54  Hydralisk x13  
  113  9:03  Drone x3  
  116  9:15  Extractor  
  115  9:18  Overlord, Queen  
  115  9:20  Queen  
  115  9:21  Queen  
  115  9:23  Queen  
  123  9:42  Hydralisk  
  123  9:43  Hydralisk x7  
  135  9:54  Queen  
  132  10:01  Hydralisk  
  132  10:02  Hydralisk x3  
  134  10:15  Muscular Augments  
  134  10:17  Queen  
  136  10:23  Queen  
  138  10:33  Spire  
  137  10:41  Hydralisk  
  137  10:42  Hydralisk  
  121  10:46  Zergling x2  
  121  10:47  Zergling x22  
  131  11:04  Zergling x18  
  130  11:05  Zergling x2  
  135  11:16  Zergling x18  
  144  11:24  Overlord x2  
  143  11:27  Pneumatized Carapace  
  143  11:47  Overlord x3  
  143  11:48  Overlord  
Show
View Real Time Build Order
Export as new Build Order

A.I. 1 (Harder) Protoss 

Build Orders:  

Get SALT Encoding   

  12  0:01  Probe (Chrono Boost)  
  13  0:11  Probe (Chrono Boost)  
  14  0:20  Pylon  
  14  0:22  Probe (Chrono Boost)  
  15  0:38  Probe (Chrono Boost)  
  16  0:48  Assimilator  
  16  0:49  Probe (Chrono Boost)  
  17  0:51  Gateway  
  17  0:59  Probe (Chrono Boost)  
  17  1:01  Pylon  
  18  1:10  Probe (Chrono Boost)  
  19  1:22  Probe (Chrono Boost)  
  20  1:35  Zealot  
  22  1:42  Cybernetics Core  
  22  1:44  Gateway  
  22  1:47  Assimilator  
  22  2:04  Pylon, Zealot  
  24  2:13  Warp Gate  
  24  2:29  Stalker x2  
  28  2:45  Pylon  
  28  2:57  Stalker  
  28  2:58  Stalker  
  33  3:05  Probe (Chrono Boost)  
  33  3:17  Probe (Chrono Boost)  
  34  3:21  Pylon  
  34  3:27  Adept, Stalker  
  34  3:29  Probe (Chrono Boost)  
  39  3:36  Forge  
  39  3:41  Probe (Chrono Boost)  
  40  3:52  Zealot  
  40  3:53  Probe (Chrono Boost)  
  43  4:04  Probe (Chrono Boost)  
  44  4:20  Probe (Chrono Boost)  
  44  4:21  Protoss Ground Weapons Level 1  
  44  4:27  Sentry  
  44  4:29  Gateway  
  46  4:33  Pylon  
  46  4:34  Stalker  
  48  4:43  Twilight Council  
  48  4:49  Stalker  
  50  5:00  Nexus  
  44  5:16  Blink  
  34  5:22  Zealot  
  34  5:30  Stalker  
  36  5:37  Stalker  
  38  5:44  Adept  
  40  5:52  Zealot  
  40  5:54  Probe (Chrono Boost)  
  42  5:59  Zealot  
  44  6:06  Stalker  
  44  6:08  Protoss Ground Armor Level 1  
  46  6:14  Probe x2 (Chrono Boost)  
  48  6:25  Stalker, Probe (Chrono Boost)  
  49  6:28  Probe (Chrono Boost)  
  50  6:36  Stalker  
  50  6:37  Probe (Chrono Boost)  
  54  6:40  Probe (Chrono Boost)  
  54  6:47  Stalker  
  54  6:48  Probe (Chrono Boost)  
  54  6:51  Probe (Chrono Boost)  
  58  6:57  Stalker  
  58  7:00  Probe (Chrono Boost)  
  61  7:03  Probe (Chrono Boost)  
  61  7:04  Sentry  
  64  7:11  Adept  
  64  7:13  Probe (Chrono Boost)  
  67  7:20  Robotics Facility, Probe (Chrono Boost)  
  68  7:24  Probe (Chrono Boost)  
  69  7:30  Pylon  
  69  7:31  Probe (Chrono Boost)  
  69  7:35  Probe (Chrono Boost)  
  71  7:38  Photon Cannon  
  71  7:42  Probe (Chrono Boost)  
  72  7:46  Photon Cannon, Probe (Chrono Boost)  
  72  7:50  Pylon  
  72  7:53  Probe (Chrono Boost)  
  72  7:56  Pylon  
  72  7:57  Probe (Chrono Boost)  
  74  8:04  Stargate  
  74  8:05  Observer  
  74  8:07  Forge  
  75  8:18  Photon Cannon  
  75  8:24  Observer  
  75  8:26  Robotics Bay  
  76  8:31  Nexus  
  76  8:44  Assimilator  
  76  8:47  Assimilator  
  68  8:57  Gateway  
  68  9:08  Warp Prism  
  68  9:13  Void Ray  
  74  9:39  Disruptor  
  77  9:52  Void Ray  
  77  9:56  Assimilator  
  77  9:58  Assimilator  
  77  10:05  Zealot  
  61  10:12  Warp Prism  
  61  10:13  Stalker  
  65  10:22  Sentry  
  67  10:30  Stalker  
  69  10:38  Stalker  
  69  10:39  Stalker  
  63  10:44  Stalker  
  63  10:46  Observer  
  57  10:51  Stalker  
  46  10:59  Sentry  
  46  11:00  Mothership Core (Chrono Boost), Void Ray  
  46  11:01  Stalker  
  51  11:09  Zealot  
  45  11:15  Disruptor  
  48  11:19  Probe (Chrono Boost)  
  48  11:22  Probe (Chrono Boost)  
  43  11:29  Zealot, Stalker  
  43  11:31  Zealot, Stalker  
Tags
 
League
Silver
Matchup
PvZ
Replay Pack
Pack 1
Spawn Locations
Cross Positions
Add a new tag
Caveats
  • Supply blocks, unpowered buildings, or Contaminate may cause inaccurate times.
  • Supply counts are checked every 10 seconds.